 Dungeon Crawl Stone Soup version 0.29-a0-380-gf50f0a9fbc (webtiles) character file.

Game seed: 330304862562214199

371 Hubjo the Firebug (level 6, -4/36 HPs)
             Began as a Deep Elf Fire Elementalist on May 5, 2022.
             Was a Follower of Ashenzari.
             Slain by an iguana (7 damage)
             ... on level 4 of the Dungeon.
             The game lasted 00:05:44 (3776 turns).

Hubjo the Firebug (Deep Elf Fire Elementalist)      Turns: 3776, Time: 00:05:45

Health: -4/36      AC:  2    Str:  5    XL:     6   Next: 42%
Magic:  15/15      EV: 14    Int: 20    God:    Ashenzari [*.....]
Gold:   57         SH:  0    Dex: 25    Spells: 13/14 levels left

rFire   . . .      SeeInvis .   (no weapon)
rCold   . . .      Faith    .   (no shield)
rNeg    . . .      Spirit   .   a - +0 robe
rPois   .          Reflect  .   (no helmet)
rElec   .          Harm     .   g - scarf of Cremastomancy {repulsion, Bglg, Cun} (curse)
rCorr   .          Rampage  .   (no gloves)
Will    .....                   (no boots)
Stlth   +++++.....              (no amulet)
HPRegen 0.12/turn               i - ring of Ashenzari's Activism {Dex+6, Bglg, Comp} (curse)
MPRegen 0.14/turn               (no ring)

@: repel missiles
A: thin skeletal structure 1, no potion heal 1, MP-powered wands
a: Renounce Religion, Shatter the Chains


You were on level 4 of the Dungeon.
You worshipped Ashenzari.
Ashenzari was aware of your devotion.
You visited 1 branch of the dungeon, and saw 5 of its levels.

You collected 57 gold pieces.

Inventory:

Armour
 a - a +0 robe (worn)
 g - the cursed scarf of Cremastomancy (worn) {repulsion, Bglg, Cun}
   (You found it on level 1 of the Dungeon)

   It has a curse which improves the following skills: Beguiling: Conjurations,
   Hexes and Translocations.
   Cunning:   Dodging and Stealth.
Magical Staves
 m - a staff of conjuration
Jewellery
 i - the cursed ring of Ashenzari's Activism (left hand) {Dex+6, Bglg, Comp}
   (You found it on level 1 of the Dungeon)

   [ring of dexterity]

   Dex:       It affects your dexterity (+6).
   It has a curse which improves the following skills: Beguiling: Conjurations,
   Hexes and Translocations.
   Companions: Summonings and Necromancy.
Scrolls
 c - a scroll of amnesia
 e - 2 scrolls of vulnerability
 f - a scroll of teleportation
 h - 2 scrolls of enchant armour
 p - a scroll of noise
Potions
 b - a potion of magic
 j - 2 potions of might
 l - a potion of brilliance
 n - 2 potions of lignification
 q - a potion of degeneration


   Skills:
 + Level 2.9 Fighting
 - Level 2.4(3.1) Dodging
 + Level 4.5(5.3) Stealth
 + Level 4.9 Spellcasting
 - Level 1.1(1.9) Conjurations
 * Level 5.0 Fire Magic


You had 13 spell levels left.
You knew the following spells:

 Your Spells              Type           Power      Damage    Failure   Level
a - Foxfire               Conj/Fire      72%        2x1d7     2%          1

Your spell library contained the following spells:

 Spells                   Type           Power      Damage    Failure   Level
 Scorch                   Fire           48%        2d7       2%          2
 Conjure Flame            Conj/Fire      18%        6-21      9%          3
 Inner Flame              Hex/Fire       15%        N/A       12%         3
 Ensorcelled Hibernation  Hex/Ice        10%        N/A       17%         2
 Passwall                 Tmut/Erth      3%         N/A       19%         2
 Flame Wave               Conj/Fire      18%        2d6       28%         4
 Gell's Gravitas          Tloc           5%         N/A       32%         3
 Teleport Other           Tloc           5%         N/A       32%         3
 Swiftness                Air            4%         N/A       34%         3
 Dispersal                Tloc           2%         N/A       100%        6


Dungeon Overview and Level Annotations

Branches:
Dungeon (5/15)
 Temple: D:4-7

Altars:
Ashenzari


Innate Abilities, Weirdness & Mutations

You have a somewhat thin skeletal structure. (Dex +2, Stealth+)
Potions are less effective at restoring your health.
You expend magic power (3 MP) to strengthen your wands.


Message History

You conjure some foxfire!
The foxfire hits the endoplasm but does no damage.
The foxfire hits the endoplasm!
You kill the endoplasm!
Your foxfire dissipates!
Your foxfire dissipates!
You flicker for a moment.
You flicker back into view.
You start resting.
Magic restored.
You start resting.
An iguana is nearby!
An iguana is nearby!
An iguana is nearby!
You conjure some foxfire!
The iguana hisses angrily.
There is not enough space to conjure foxfire!
There is not enough space to conjure foxfire!
The foxfire hits the iguana but does no damage. x2
You conjure some foxfire!
The iguana misses you.
The foxfire hits the iguana but does no damage.
The iguana barely misses you.
You conjure some foxfire!
The iguana bites you!
The foxfire hits the iguana.
The iguana is lightly wounded.
The iguana bites you!
* * * LOW HITPOINT WARNING * * *
You are too injured to fight recklessly!
You are confused.
Your system partially rejects the healing.
You feel invigorated. The iguana closely misses you.
You bump into the rock wall.
The iguana closely misses you.
You feel less invigorated.
You feel less confused. The iguana barely misses you.
The iguana attacks as you move away! The iguana bites you!
* * * LOW HITPOINT WARNING * * *
The iguana attacks as you move away! The iguana closely misses you.
The iguana attacks as you move away! The iguana bites you!
You die...

#.#.###.# #.#...#.#
##'###.#.### ##.
#.......... .......
#....#.#.## ##...##.
########.>).......
.......
#......'......#.##
....#.
#.######....###.#
###...§# #<#
#####.@..# +..†.#.#
### ####l##.# #...#.#
#....# # ##.....#
####.### #....##.
#......# #+##....##.
#.##.#.#####.####..##.
#.##.#.#...........##.
#............##.#.###.
####.#............###.


You could see an iguana.

Vanquished Creatures
  A water moccasin (D:3)
  A black bear (D:4)
  An ogre (D:4)
  4 adders
  A dart slug (D:1)
  5 ball pythons
  8 endoplasms
  3 giant cockroaches
  5 goblins
  5 hobgoblins
  3 quokkas
  2 bats
  A frilled lizard (D:1)
  6 kobolds
  3 rats
49 creatures vanquished.

Vanquished Creatures (others)
  275 foxfires
275 creatures vanquished.

Grand Total: 324 creatures vanquished

Notes
Turn   | Place    | Note
-------+----------+-------------------------------------------
     0 | D:1      | Hubjo the Deep Elf Fire Elementalist began the quest for
                  | the Orb.
     0 | D:1      | Reached XP level 1. HP: 10/10 MP: 6/6
   373 | D:1      | You fall into a shaft and drop 1 floor!
   389 | D:2      | Reached XP level 2. HP: 16/16 MP: 4/8
   734 | D:1      | Reached skill level 1 in Fighting
  1666 | D:2      | Reached XP level 3. HP: 14/20 MP: 5/9
  2231 | D:3      | Found a faded altar of an unknown god.
  2245 | D:3      | Prayed at the altar of an unknown god.
  2245 | D:3      | Became a worshipper of Ashenzari the Shackled
  2500 | D:3      | Reached XP level 4. HP: 26/26 MP: 7/11
  2714 | D:3      | Noticed a water moccasin
  2721 | D:3      | Killed a water moccasin
  2722 | D:3      | Reached skill level 4 in Fire Magic
  2722 | D:3      | Reached XP level 5. HP: 31/31 MP: 4/13
  3004 | D:4      | Reached * piety under Ashenzari
  3005 | D:4      | Gained mutation: Potions are less effective at restoring
                  | your health. [potion of mutation]
  3005 | D:4      | Gained mutation: You expend magic power (3 MP) to
                  | strengthen your wands. [potion of mutation]
  3005 | D:4      | Gained mutation: You have a somewhat thin skeletal
                  | structure. (Dex +2, Stealth+) [potion of mutation]
  3010 | D:4      | Noticed an ogre
  3021 | D:5      | Entered Level 5 of the Dungeon
  3322 | D:4      | Killed an ogre
  3479 | D:4      | Reached XP level 6. HP: 36/36 MP: 11/14
  3607 | D:4      | Reached skill level 5 in Fire Magic
  3776 | D:4      | Slain by an iguana

Illustrated notes

Levels and vault maps discovered:
D:1:      saegor_arrival_under_anarchy, layout_basic, minmay_pentomino_v4
D:2:      layout_loops_cross
D:3:      layout_loops_ring, hellmonk_ecumenical_altar_run_dry
D:4:      layout_basic, lemuel_doored_altar, minmay_fractal_squares_diagonal_5
D:5:      gammafunk_wand_slinger, layout_loops_ring,
          nicolae_sif_muna_condensation, general_overflow_altar,
          corexii_item_surrounded_by_moat, minmay_misc_feat_diagonals,
          minmay_misc_feat_tower, uniq_sigmund, uniq_prince_ribbit1,
          uniq_grinder

Skill      XL: |  1  2  3  4  5  6 |
---------------+-------------------+-----
Fighting       | 1 2 |  2.9
Stealth        | 3 4 |  4.5
Spellcasting   | 4 |  4.9
Fire Magic     | 4 5 |  5.0
Dodging        | |  2.4
Conjurations   | |  1.1

Action                   |  1- 3 |  4- 6 || total
-------------------------+-------+-------++-------
Melee: Unarmed           |     5 |     2 ||     7
 Cast: Foxfire           |   125 |    55 ||   180
Invok: Curse Item        |     1 |     1 ||     2
  Use: Scroll            |     4 |     5 ||     9
       Potion            |       |     5 ||     5
Armor: Robe              |     4 |       ||     4
Dodge: Dodged            |    12 |    15 ||    27
       Repelled          |     2 |       ||     2

Table legend: (Time is in decaauts)
 A = Elapsed time spent in this place.
 B = Non-inter-level travel time spent in this place.
 C = Inter-level travel time spent in this place.
 D = Time resting spent in this place.
 E = Time spent auto-exploring this place.
 F = Levels seen in this place.
 G = Mean time per level.
                   A        B        C        D        E       F      G
               +--------+--------+--------+--------+--------+-----+--------+
         Total |   3775 |   3697 |     78 |    380 |   2824 |   5 |  755.0 |
       Dungeon |   3775 |   3697 |     78 |    380 |   2824 |   5 |  755.0 |
               +--------+--------+--------+--------+--------+-----+--------+

Top non-repeatable levels by time:
     D:2: 1055 daAuts
     D:1: 978 daAuts
     D:3: 955 daAuts
     D:4: 495 daAuts
     D:5: 291 daAuts
